 Dungeon Crawl Stone Soup version 0.31.0-12-g77e489cdc1 (webtiles) character file.

Game seed: 4584329163965527325

11 DemonSlayer the Digger (level 2, -6/19 HPs)
             Began as a Demonspawn Earth Elementalist on Feb 19, 2024.
             Mangled by Terence
             ... wielding a +0 trident
              (7 damage)
             ... on level 3 of the Dungeon.
             The game lasted 00:00:50 (457 turns).

DemonSlayer the Digger (DsEE)                        Turns: 457, Time: 00:00:51

Health: -6/19      AC:  2    Str:  8    XL:     2   Next: 13%
Magic:  5/5        EV: 12    Int: 15    God:
Gold:   22         SH:  0    Dex: 13    Spells: 4/5 levels left

rFire   . . .        (no weapon)
rCold   . . .        (no shield)
rNeg    . . .        a - +0 robe
rPois   .            (no helmet)
rElec   .            (no cloak)
rCorr   .            (no gloves)
SInv    .            (no boots)
Will    .....        (no amulet)
Stlth   ++           (no ring)
HPRegen 0.23/turn    (no ring)
MPRegen 0.09/turn

%: no passive effects
@: mighty
A: powered by pain 1
a: no special abilities


You were on level 3 of the Dungeon.
You visited 1 branch of the dungeon, and saw 3 of its levels.

You collected 22 gold pieces.

Inventory:

Armour
 a - a +0 robe (worn)
Jewellery
 d - a ring of protection from cold
Potions
 b - a potion of curing {unknown}
 c - a potion of heal wounds {unknown}


   Skills:
 + Level 2.0 Dodging
 + Level 2.0 Stealth
 + Level 2.0 Spellcasting
 + Level 1.0 Conjurations
 + Level 3.0 Earth Magic


You had 4 spell levels left.
You knew the following spells:

 Your Spells              Type           Power      Damage    Failure   Level
a - Sandblast             Erth           20%        2d7       6%          1

Your spell library contained the following spells:

 Spells                   Type           Power      Damage    Failure   Level
 Passwall                 Erth           10%        N/A       19%         3
 Stone Arrow              Conj/Erth      14%        3d7       28%         3
 Brom's Barrelling Bould  Conj/Erth      7%         2d3       67%         4
 Petrify                  Alch/Erth      6%         N/A       75%         4


Dungeon Overview and Level Annotations

Branches:
Dungeon (3/15)

Altars:

Annotations:
D:3 Terence


Innate Abilities, Weirdness & Mutations

You sometimes gain a little power by taking damage.


Message History

You see here a ball python corpse.
d - a ring of protection from cold A kobold comes into view.
It is wielding a +0 dagger.
The kobold shouts!
A kobold is nearby!
A kobold is nearby!
A kobold is nearby!
The kobold hits you with a +0 dagger.
You hit the kobold but do no damage. The kobold hits you with a +0 dagger.
You hit the kobold but do no damage. The kobold closely misses you.
You barely miss the kobold. The kobold hits you with a +0 dagger.
You barely miss the kobold.
Terence hits you from afar with a +0 trident!
You focus on the pain.
You feel very mighty all of a sudden. The kobold hits you with a +0 dagger.
* * * LOW HITPOINT WARNING * * *
You are too injured to fight recklessly!
You are too injured to fight recklessly!
You are too injured to fight recklessly!
You are too injured to fight recklessly!
You are too injured to fight recklessly!
You are too injured to fight recklessly!
You are too injured to fight recklessly!
You are too injured to fight recklessly!
You are too injured to fight recklessly!
You are too injured to fight recklessly!
You are too injured to fight recklessly!
You barely miss the kobold. Terence barely misses you.
The kobold hits you but does no damage.
You hit the kobold.
You kill the kobold!
Terence hits you from afar with a +0 trident.
* * * LOW HITPOINT WARNING * * *
Terence closely misses you.
Things that are here:
a +0 dagger; 3 stones; a kobold corpse You hit Terence but do no damage.
Terence hits you with a +0 trident!
You die...
Terence says, "That felt goooood."

#. #..<...)... ..#
#..#######. @.. #..#
# #.# #..# ##. #
#.##..# ##.# #.
#.#..###..# #.#
##........## #.@##
##.#.#####..##
#..@###........#.#..
####.#.###.###......
##.## #.########.
### #..........
###########


You could see Terence.

Vanquished Creatures
  A dart slug (D:1)
  A ball python (D:3)
  An endoplasm (D:1)
  A giant cockroach (D:1)
  A goblin (D:1)
  2 kobolds
  A rat (D:3)
8 creatures vanquished.

Notes
Turn   | Place    | Note
-------+----------+-------------------------------------------
     0 | D:1      | DemonSlayer the Demonspawn Earth Elementalist began the
                  | quest for the Orb.
     0 | D:1      | Reached XP level 1. HP: 13/13 MP: 3/3
   207 | D:1      | Reached skill level 3 in Earth Magic
   211 | D:1      | Gained mutation: You sometimes gain a little power by
                  | taking damage. [demonic ancestry]
   211 | D:1      | Reached XP level 2. HP: 17/19 MP: 0/5
   312 | D:3      | Noticed Terence
   457 | D:3      | Mangled by Terence

Illustrated notes

Levels and vault maps discovered:
D:1:      shiori_shiawase, layout_basic
D:2:      layout_basic, basic_altar, nicolae_concentric_dashed_squares_mild,
          uniq_sigmund, uniq_jessica
D:3:      layout_loops_ring, uniq_terence

Skill      XL: |  1  2 |
---------------+-------+-----
Dodging        | 2 |  2.0
Earth Magic    | 3 |  3.0
Stealth        | 2 |  2.0
Spellcasting   | |  2.0
Conjurations   | |  1.0

Action                     || total
---------------------------++-------
  Melee: Unarmed           ||    25
   Cast: Sandblast         ||     8
    Use: Potion            ||     1
 Armour: Robe              ||    36
  Dodge: Dodged            ||    41
